 Dungeon Crawl Stone Soup version 0.17-a0-1914-gde4187c (webtiles) character file.

240 kosy22 the Skirmisher (level 6, -6/40 HPs)
             Began as a Gargoyle Berserker on Sept 26, 2015.
             Was a Priest of Trog.
             Mangled by George's ghost (9 damage)
             ... on level 4 of the Dungeon.
             The game lasted 00:08:27 (4499 turns).

kosy22 the Skirmisher (Gargoyle Berserker)          Turns: 4499, Time: 00:08:28

Health: -6/40      AC:  9    Str: 25    XL:     6   Next: 8%
Magic:  6/6        EV: 12    Int:  8    God:    Trog [***...]
Gold:   145        SH:  0    Dex:  9    Spells: 0 memorised, 5 levels left

rFire  . . .     SeeInvis .     n - +2 spear (flame)
rCold  + . .     Clarity  .     i - +2 robe {MR+}
rNeg   + . .     SustAt   .     (no shield)
rPois  ∞         Gourm    .     e - +0 helmet
rElec  +         Spirit   .     (no cloak)
rCorr  .         Warding  .     (no gloves)
rMut   .         Stasis   .     (no boots)
MR     +....                    (no amulet)
Stlth  +.........               l - ring of protection from cold
                                p - +3 ring of strength

@: exhausted, slowed, very slow, somewhat resistant to hostile enchantments,
very unstealthy
A: negative energy resistance 1, electricity resistance, unbreathing,
petrification resistance, rot immunity, AC +4
a: Burn Spellbooks, Berserk, Trog's Hand, Renounce Religion


You were on level 4 of the Dungeon.
You worshipped Trog.
Trog was most pleased with you.
You were hungry.

You visited 1 branch of the dungeon, and saw 4 of its levels.

You collected 145 gold pieces.

Inventory:

Hand weapons
 a - a +0 hand axe
 n - a +2 spear of flaming (weapon)
Armour
 b - a +0 animal skin
 d - a +0 scale mail
 e - a +0 helmet (worn)
 i - a +2 robe of magic resistance (worn)
 k - a +0 chain mail
Jewellery
 g - an uncursed ring of protection from fire
 l - a ring of protection from cold (right hand)
 p - a +3 ring of strength (left hand)
Scrolls
 q - 2 scrolls of amnesia
Comestibles
 c - 2 bread rations
 m - 3 meat rations


   Skills:
 + Level 4.9 Fighting
 + Level 3.5(3.6) Axes
 + Level 0.8(2.3) Polearms
 + Level 3.1 Armour
 + Level 3.0 Dodging
 + Level 0.5 Stealth


You had 5 spell levels left.
You didn't know any spells.

Dungeon Overview and Level Annotations

Branches:
Dungeon (4/15)
 Temple: D:4-7

Altars:
Gozag
Kikubaaqudgha
Okawaru
Yredelemnul
The Shining One

Annotations:
D:4 George's ghost, experienced DsGl


Innate Abilities, Weirdness & Mutations

You are resistant to torment.
Your stone body is resilient (AC +4).
You are immune to poison.
You resist negative energy.
You are resistant to electric shocks.
You can survive without breathing.
You are immune to petrification.
You are immune to rotting.


Message History

George's ghost hits you!
* * * LOW HITPOINT WARNING * * *
You hit George's ghost but do no damage.
George's ghost is heavily damaged.
The giant frog misses you. The giant cockroach barely misses you.
George's ghost completely misses you. The giant frog hits you.
* * * LOW HITPOINT WARNING * * *
The giant cockroach barely misses you.
Eat which item? (? for menu, Esc to quit)
Okay, then.
You aren't carrying any potions.
Read which item? (? for menu, Esc to quit)
Okay, then.
Read which item? (? for menu, Esc to quit)
As you read the scroll labeled ISISAUK ITUWE, it crumbles to dust.
You assume a fearsome visage.
The giant cockroach looks frightened!
The giant frog looks frightened!
George's ghost is unaffected.
The orc looks frightened!
It was a scroll of fear.
George's ghost misses you. George's ghost hits you!
You die...

#.# ##<#
####..# #....##
#.####.####
#......#
#####..########
#........F.##
#.##..@W.o<.#
#. #.$......#
.. ##...s..##
#.# #####..# #.
.... #. #..#
..# .#


You could see a giant frog (fleeing), George's ghost, an orc (fleeing) and a
giant cockroach (fleeing).

Vanquished Creatures
  2 orc wizards (D:3)
  3 gnolls (D:2)
  9 adders
  2 worms (D:2)
  3 orcs (D:3)
  5 giant cockroaches
  6 hobgoblins
  4 jackals (D:3)
  A quokka (D:2)
  2 ball pythons
  10 bats
  A giant gecko (D:2)
  7 giant newts
  8 goblins
  10 kobolds
  10 rats
  2 plants (D:3)
85 creatures vanquished.

Notes
Turn   | Place    | Note
--------------------------------------------------------------
     0 | D:1      | kosy22 the Gargoyle Berserker began the quest for the Orb.
     0 | D:1      | Reached XP level 1. HP: 14/14 MP: 1/1
   433 | D:1      | Reached XP level 2. HP: 19/19 MP: 2/2
   543 | D:1      | Found a glowing golden altar of the Shining One.
  1017 | D:2      | Found a faded altar to an unknown god.
  1127 | D:2      | Reached skill level 4 in Fighting
  1127 | D:2      | Reached XP level 3. HP: 18/24 MP: 3/3
  1331 | D:2      | Acquired Trog's second power
  1446 | D:2      | Reached XP level 4. HP: 14/29 MP: 4/4
  2226 | D:2      | Reached XP level 5. HP: 23/34 MP: 5/5
  2339 | D:2      | Found a basalt altar of Yredelemnul.
  3156 | D:3      | Found an iron altar of Okawaru.
  3197 | D:3      | Found an ancient bone altar of Kikubaaqudgha.
  3630 | D:3      | Reached XP level 6. HP: 4/40 MP: 6/6
  4273 | D:3      | Found an opulent altar of Gozag.
  4472 | D:4      | Noticed George's ghost (experienced DsGl)
  4498 | D:4      | HP: 2/40 [giant frog (4)]
  4499 | D:4      | Mangled by George's ghost

Vault maps used:
D:1:      dpeg_arrival_tiny_a, tso_altar
D:2:      ecumenical_altar_2, yredelemnul_altar_generic
D:3:      lemuel_doored_altar, kiku_gazebo_garden_becter, okawaru_gym_becter,
          minivault_4
D:4:      grunt_temple_overflow_order_and_chaos_1, minmay_temple_entry_hall,
          first_bread, nicolae_dithmenos_through_a_glass_darkly

Action                   |  1- 3 |  4- 6 || total
-------------------------+-------+-------++-------
Melee: Hand axe          |    93 |     9 ||   102
       Spear             |       |   282 ||   282
Invok: Berserk           |       |     2 ||     2
  Use: Scroll            |     1 |     5 ||     6
       Potion            |       |     3 ||     3
 Stab: Invisible         |       |     1 ||     1
  Eat: Bread ration      |     1 |     2 ||     3
